AoeStats
← Kshulo

Nomad

509476600Analyzed
4v4 RM · 5d ago on Sep 26, 2026· 54m 22s· 8 players
Game mode
Random Map
Map size
231×231
Population
200
Speed
Normal
Resources
Standard
Victory
Conquest
Starting age
Dark Age
Ending age
Imperial Age
RankedLock teamsTeams togetherTeam positionsShared explorationLock speedFull tech treeHidden civsTurbo modeCheats
Victory
Defeat
🇧🇷 Khmer · Brazil
1415
+13
🇹🇷 Teutons · Türkiye
1414
+13
🇪🇸 Britons · Spain
1398
+14
🇩🇪 Poles · Germany
1306
+17
🇨🇱 Franks · Chile
1366
-15
🇨🇱 Wei · Chile
1365
-15
🇺🇾 Maya · Uruguay
1340
-14
🇨🇱 Bohemians · Chile
1312
-13
Gabo_Reyes
11:20 Loom
13:06 Feudal Age
17:54 Castle Age
16:17 Double-Bit Axe
17:12 Horse Collar
22:10 Fletching
25:50 Scale Barding Armor
28:32 Chain Barding Armor
29:56 Gold Mining
30:26 Forging
30:46 Tuntian
34:12 Wheelbarrow
33:23 Town Watch
34:49 Bow Saw
40:14 Imperial Age
39:48 Iron Casting
42:11 Imperial Age
41:04 Stone Mining
41:43 Hand Cart
42:30 Bloodlines
42:21 Husbandry
43:21 Conscription
43:32 Masonry
44:58 Blast Furnace
45:28 Elite Tiger Cavalry
46:28 Heavy Hei Guang Cavalry
47:54 Treadmill Crane
49:09 Murder Holes
49:40 Heavy Plow
51:04 Light Cavalry
51:08 Pikeman
51:49 Squires
52:39 Scale Mail Armor
52:27 Arson
PESCADO
4:20 Loom
13:14 Feudal Age
13:58 Double-Bit Axe
25:56 Castle Age
27:56 Forging
28:31 Scale Barding Armor
29:25 Squires
30:34 Pikeman
36:42 Gambesons
36:44 Arson
37:37 Iron Casting
37:03 Scale Mail Armor
41:35 Chain Mail Armor
51:47 Town Watch
53:04 Town Patrol
53:40 Wheelbarrow
Kshulo
5:14 Loom
12:32 Feudal Age
16:57 Castle Age
16:05 Double-Bit Axe
19:40 Bow Saw
21:56 Horse Collar
23:55 Fervor
23:35 Town Watch
24:14 Man-at-Arms
26:48 Scale Barding Armor
27:43 Wheelbarrow
28:50 Hand Cart
33:05 Imperial Age
31:30 Wagenburg Tactics
33:09 Chemistry
32:56 Ballistics
32:50 Heavy Plow
34:09 Conscription
34:13 Fletching
35:03 Siege Engineers
36:05 Houfnice
40:34 Hussite Reforms
41:27 Redemption
41:46 Sanctity
41:26 Devotion
41:27 Atonement
41:52 Illumination
41:48 Heresy
42:03 Theocracy
41:23 Herbal Medicine
41:44 Block Printing
42:58 Elite Hussite Wagon
PMA
5:05 Loom
13:49 Feudal Age
15:45 Fletching
15:43 Double-Bit Axe
25:35 Castle Age
27:00 Bodkin Arrow
41:30 Ballistics
46:12 Fervor
46:22 Sanctity
53:00 Thumb Ring
pepe_del_pardo
4:14 Loom
5:02 Loom
15:14 Feudal Age
17:32 Double-Bit Axe
20:36 Castle Age
22:08 Wheelbarrow
22:48 Fletching
22:58 Padded Archer Armor
23:37 Bow Saw
23:47 Crossbowman
27:43 Bodkin Arrow
29:26 Leather Archer Armor
30:21 Scale Mail Armor
30:31 Pikeman
33:15 Chain Mail Armor
34:28 Forging
35:48 Ballistics
35:55 Squires
39:06 Iron Casting
38:31 Fishing Lines
43:13 Imperial Age
45:17 Bracer
45:21 Arbalester
47:49 Ring Archer Armor
48:17 Hand Cart
47:48 Town Watch
DimitryKz
5:51 Loom
8:45 Loom
13:08 Feudal Age
14:07 Double-Bit Axe
16:08 Fletching
19:43 Town Watch
24:12 Wheelbarrow
23:54 Fishing Lines
27:58 Castle Age
27:42 Stone Mining
31:45 Castle Age
31:18 Gold Mining
33:59 Gillnets
36:17 Hand Cart
38:32 Hand Cart
38:35 Bow Saw
41:52 Imperial Age
39:58 Szlachta Privileges
41:27 Stone Shaft Mining
41:00 Scale Barding Armor
41:06 Forging
41:27 Bloodlines
42:51 Husbandry
42:12 Cavalier
43:15 Conscription
44:33 Chain Barding Armor
48:01 Iron Casting
52:33 Light Cavalry
53:36 Winged Hussar
[ GG ] SHAKA
4:21 Loom
13:36 Feudal Age
14:44 Double-Bit Axe
20:33 Castle Age
20:36 Bloodlines
20:22 Fishing Lines
20:42 Light Cavalry
21:22 Husbandry
22:35 Gillnets
24:40 Stone Mining
27:04 Stone Shaft Mining
30:01 Bow Saw
29:43 Gold Mining
30:53 Wheelbarrow
32:13 Tusk Swords
34:25 Forging
36:58 Hand Cart
38:30 Gold Shaft Mining
37:57 Horse Collar
41:01 Imperial Age
40:34 Iron Casting
40:04 Scale Barding Armor
44:10 Imperial Age
45:07 Hussar
45:59 Scale Barding Armor
46:55 Blast Furnace
47:36 Elite Ballista Elephant
50:47 Heavy Plow
53:20 Elite Battle Elephant
55:07 Chain Barding Armor
Yellowping
5:08 Loom
12:40 Feudal Age
14:57 Double-Bit Axe
18:09 Horse Collar
19:38 Gold Mining
23:02 Castle Age
21:38 Stone Mining
22:41 Bloodlines
22:37 Scale Barding Armor
22:46 Forging
27:23 Town Watch
30:36 Wheelbarrow
37:24 Imperial Age
35:19 Heavy Plow
36:26 Chain Barding Armor
36:50 Stone Shaft Mining
37:37 Bow Saw
39:12 Capped Ram
39:56 Cavalier
41:11 Hand Cart
42:27 Chemistry
45:20 Two-Man Saw
45:39 Iron Casting
46:05 Siege Engineers
47:07 Plate Barding Armor
50:38 Blast Furnace
50:17 Conscription
50:23 Conscription
51:03 Crenellations
50:16 Paladin
54:57 Ballistics
54:28 Fletching
Connection lost

Rejoining the realm…

Still unreachable

The connection could not be restored.

Session expired

The server has moved on; the page needs a fresh start.